cohdb
Replays
Latest Replays
All Replays
Popular Replays
Top Player Replays
Match Explorer
How It Works
Community
CoH3 Stats
Reddit
Sign in to upload your games and track your stats! →
Sign in with Steam
Match 39093730
Unlisted
Match 39093730
Overview
Messages
Build Orders
End
Construct Section Command Post
Infantry Section
Infantry Section
ML 3-inch Mortar Team
Royal Engineer Section
Construct Field Infirmary
Construct Platoon Command Post
Grenade Package
6-pounder Anti-tank Gun Team
Infantry Training
Royal Engineer Section
Construct Company Command Post
Selects Indian Artillery Battlegroup
Selects Valour
Selects Gurkha Rifles Section
Foot Guards Section
Foot Guards Section
Unlock M3 Grant Medium Tanks
M3 Grant Medium Tank
Selects Volunteer Infantry
M3 Grant Medium Tank
Armored Vehicle Training
Selects Artillery Saturation
M3 Grant Medium Tank
Selects Off-map Airburst Barrage
Selects Perimeter Monitor
Robert Builder
Guacamole Stains
QGD
山田凉
Carl
Da'Quantum physics
vincent
baydounkhalil1
0
0
Comments
sign in to comment!
No comments posted yet!